 Dungeon Crawl Stone Soup version 0.21-a0-228-g14ccbf3 (webtiles) character file.

134 Gorglomux the Magician (level 4, -1/24 HPs)
             Began as a Deep Elf Fire Elementalist on Aug 31, 2017.
             Slain by an orc wizard
             ... wielding a +0 dagger
              (4 damage)
             ... on level 3 of the Dungeon.
             The game lasted 00:04:13 (2346 turns).

Gorglomux the Magician (Deep Elf Fire Elementalist) Turns: 2346, Time: 00:04:14

Health: -1/24      AC:  3    Str:  5    XL:     4   Next: 95%
Magic:  0/12       EV: 13    Int: 19    God:
Gold:   137        SH:  0    Dex: 15    Spells: 4/12 levels left

rFire    + . .     SeeInvis .   O - staff of earth
rCold    + . .     Gourm    .   (no shield)
rNeg     . . .     Faith    .   a - +0 robe
rPois    +         Spirit   .   (helmet restricted)
rElec    +         Reflect  .   (no cloak)
rCorr    +         Harm     .   G - +0 pair of gloves
MR       .....                  (no boots)
Stlth    ++........             (no amulet)
HPRegen  0.08/turn              (no ring)
MPRegen  0.13/turn              (no ring)

@: resistant
A: hooves 1, horns 1, dopey 1
a: no special abilities


You were on level 3 of the Dungeon.
You were not hungry.

You visited 1 branch of the dungeon, and saw 3 of its levels.

You collected 137 gold pieces.

Inventory:

Armour
 a - a +0 robe (worn)
 G - a +0 pair of gloves (worn)
 M - a +0 helmet
Magical Staves
 O - an uncursed staff of earth (weapon)
Jewellery
 B - an uncursed ring of stealth {unknown}
 F - a +5 ring of evasion {unknown}
Scrolls
 C - a scroll of teleportation {unknown}
 E - a scroll of noise {unknown}
 H - a scroll of fear {unknown}
 I - a scroll of enchant weapon {unknown}
 K - a scroll of recharging {unknown}
 N - a scroll of immolation {unknown}
Potions
 e - a potion of mutation {!q}
 A - a potion of resistance
 L - a potion of heal wounds {unknown}
Books
 b - a book of Flames

   Spells                             Type                      Level
   a - Flame Tongue                   Conjuration/Fire             1
   b - Throw Flame                    Conjuration/Fire             2
   c - Conjure Flame                  Conjuration/Fire             3
   d - Inner Flame                    Hexes/Fire                   3
   e - Sticky Flame                   Conjuration/Fire             4
   f - Fireball                       Conjuration/Fire             5
Comestibles
 c - 2 bread rations
 z - 2 meat rations
 J - 2 royal jellies


   Skills:
 - Level 2.4 Dodging
 - Level 2.4 Stealth
 + Level 4.8 Spellcasting
 + Level 2.9 Conjurations
 + Level 4.4 Fire Magic


You had 4 spell levels left.
You knew the following spells:

 Your Spells              Type           Power        Failure   Level  Hunger
a - Flame Tongue          Conj/Fire      ###..        2%          1    None
b - Sticky Flame          Conj/Fire      ###.....     26%         4    ####...
j - Conjure Flame         Conj/Fire      ###.....     9%          3    ##.....


Dungeon Overview and Level Annotations

Branches:
Dungeon (3/15)

Altars:


Innate Abilities, Weirdness & Mutations

You have large cloven feet.
You have a pair of small horns on your head.
You are dopey. (Int -2)


Message History

It was a potion of mutation!
You feel extremely strange! A pair of horns grows on your head!!!
Your +0 helmet falls away!!!
You feel stupid!
Your feet thicken and butt!
The orc wizard closely misses you!
The orc wizard hits you but does no damage!
It was a potion of resistance!
You feel protected! The orc wizard closely butts you!
Okay, then!
Casting: Sticky Flame
Confirm with ! or Enter, or press ? or * to list all spells!
Aiming: Sticky Flame
Press: ? - help, Shift-Dir - straight line, f - orc wizard
Aim: an orc wizard, wielding a dagger and wearing a robe (fast)
The sticky flame hits the orc wizard!
The orc wizard is moderately wounded!
The orc wizard is covered in liquid flames!!!
The orc wizard burns!!!
The orc wizard hits you with a dagger! rip

##.## #..# .....##+##..#
. ##..#......# ..
#..........###(..
#..o........... ##
.#####.(#+##..)##..
.........)..##...#
#.######.####...####
#.......)@o..%......#
#......#.#####.####.#
##.##............ ....#
#.##..............
.....#.##...#.####.#####
...##.##...#..# #.#..
...#.##...##.# #.#.####
#..#.##...##^###.#.#..
#..#.##..........#)#.#


You could see an orc wizard (burning).

Vanquished Creatures
  An orc priest (D:3)
  2 adders (D:2)
  2 oozes
  3 worms (D:2)
  4 dart slugs
  2 leopard geckos
  2 orcs (D:3)
  2 giant cockroaches
  3 goblins
  7 hobgoblins
  5 kobolds
  2 quokkas (D:2)
  10 bats
  6 frilled lizards
  8 rats
59 creatures vanquished.

Notes
Turn   | Place    | Note
-------+----------+-------------------------------------------
     0 | D:1      | Gorglomux the Deep Elf Fire Elementalist began the quest for the Orb.
     0 | D:1      | Reached XP level 1. HP: 10/10 MP: 6/6
   151 | D:1      | Reached XP level 2. HP: 11/15 MP: 6/8
   731 | D:1      | Reached XP level 3. HP: 19/19 MP: 8/10
  1142 | D:2      | Learned a level 3 spell: Conjure Flame
  1411 | D:2      | Reached XP level 4. HP: 24/24 MP: 10/12
  1438 | D:2      | Learned a level 4 spell: Sticky Flame
  2344 | D:3      | Gained mutation: You have a pair of small horns on your head. [potion of mutation]
  2344 | D:3      | Gained mutation: You are dopey. (Int -2) [potion of mutation]
  2344 | D:3      | Gained mutation: You have large cloven feet. [potion of mutation]
  2346 | D:3      | Slain by an orc wizard

Vault maps used:
D:1:      minmay_arrival_four_circles, serial_forest,
          infiniplex_forest_straight_2, infiniplex_forest_clump_tiny,
          infiniplex_forest_straight_4, infiniplex_forest_clump_medium,
          infiniplex_forest_lined_corner, infiniplex_forest_clump_diagonal,
          infiniplex_forest_join, infiniplex_forest_end_2,
          infiniplex_forest_straight_3
D:3:      nicolae_overflow_hidden_temple, overflow_temple_1_default

Skill      XL: |  1  2  3 |
---------------+----------+-----
Spellcasting   | 4 |  4.8
Conjurations   | 2 |  2.9
Fire Magic     | 4 |  4.4
Dodging        | |  2.4
Stealth        | |  2.4

Action                   |  1- 3 |  4- 6 || total
-------------------------+-------+-------++-------
Melee: Unarmed           |     1 |     1 ||     2
       Staff             |       |     1 ||     1
 Cast: Flame Tongue      |    71 |    45 ||   116
       Sticky Flame      |       |     2 ||     2
  Use: Potion            |       |     2 ||     2
  Eat: Chunk             |     1 |     3 ||     4
Armor: Robe              |     4 |     4 ||     8
Dodge: Dodged            |    18 |    22 ||    40

Table legend:
 A = Spawn XP
 B = Non-spawn XP
 C = Spawn XP percentage of total XP
 D = Spawn monster count
 E = Non-spawn monster count
 F = Spawn count percentage of total count
 G = Total turns spent on level
                    A         B        C        D         E        F      G
               +---------+---------+-------+---------+---------+-------+---------
         Total |      24 |     168 |  12.5 |      14 |      45 |  23.7 |  2346
               +---------+---------+-------+---------+---------+-------+---------
           D:1 |      14 |      36 |  28.0 |       7 |      16 |  30.4 |   938
           D:2 |      10 |      77 |  11.5 |       7 |      23 |  23.3 |  1291
           D:3 |       0 |      55 |   0.0 |       0 |       6 |   0.0 |   117
               +---------+---------+-------+---------+---------+-------+---------
